 Dungeon Crawl Stone Soup version 0.27-a0-1565-gad902ab (webtiles) character file.

Game seed: 16171530274608766219

585 Meow the Conjurer (level 7, 50/50 HPs)
             Began as a Ghoul Conjurer on July 16, 2021.
             Quit the game on level 5 of the Dungeon.
             The game lasted 00:14:02 (4892 turns).

Meow the Conjurer (Ghoul Conjurer)                  Turns: 4892, Time: 00:14:02

Health: 50/50      AC:  4    Str: 11    XL:     7   Next: 37%
Magic:  13/13      EV: 11    Int: 18    God:
Gold:   392        SH:  0    Dex:  7    Spells: 4/15 levels left

rFire    + . .     SeeInvis .   (no weapon)
rCold    + . .     Faith    .   (no shield)
rNeg     + + +     Spirit   .   a - +0 robe
rPois    ∞         Reflect  .   m - +0 helmet {Int+3}
rElec    .         Harm     .   (no cloak)
rCorr    .         Rampage  .   (no gloves)
Will     .....                  k - +0 pair of boots
Stlth    ++........             (no amulet)
HPRegen  0.16/turn              l - ring of protection from fire
MPRegen  0.13/turn              (no ring)

@: no status effects
A: claws 1, cold resistance 1, negative energy resistance 3, inhibited
regeneration, torment resistance 2
a: no special abilities


You were on level 5 of the Dungeon.
You visited 1 branch of the dungeon, and saw 5 of its levels.
You also visited: Ossuary.

You collected 392 gold pieces.

Inventory:

Missiles
 c - 79 arrows
 e - 14 atropa-tipped darts
 h - 132 stones (quivered)
 q - 6 javelins
Armour
 a - a +0 robe (worn)
 j - a +0 kite shield
 k - a +0 pair of boots (worn)
 m - a +0 helmet of intelligence (worn)
Magical Staves
 b - a staff of death
Jewellery
 l - a ring of protection from fire (left claw)
Wands
 s - a wand of polymorph (11)
Scrolls
 g - a scroll of vulnerability {unknown}
 i - a scroll of teleportation {unknown}
 n - a scroll of fog {unknown}
 p - a scroll of blinking {unknown}
 t - a scroll of holy word {unknown}
Potions
 f - 3 potions of flight
 o - 2 potions of brilliance
 u - a potion of ambrosia
 v - a potion of berserk rage
 w - a potion of degeneration
 x - a potion of attraction {unknown}
 z - a potion of haste {unknown}
 A - a potion of invisibility {unknown}
 B - a potion of lignification {unknown}
 C - 2 potions of heal wounds {unknown}
 D - a potion of might {unknown}


   Skills:
 - Level 1.7 Dodging
 - Level 2.1 Stealth
 + Level 4.8 Spellcasting
 + Level 5.6 Conjurations


You had 4 spell levels left.
You knew the following spells:

 Your Spells              Type           Power      Damage    Failure   Level
a - Magic Dart            Conj           96%        1d7       1%          1
b - Searing Ray           Conj           48%        3d5       1%          2
A - Iskenderun's Mystic   Conj/Tloc      14%        2d5       38%         4
F - Fulminant Prism       Conj/Hex       7%         3d7       38%         4

Your spell library contained the following spells:

 Spells                   Type           Power      Damage    Failure   Level
 Conjure Flame            Conj/Fire      14%        6-21      13%         3
 Dazzling Flash           Conj/Hex       28%        N/A       13%         3
 Ignite Poison            Fire/Tmut/Pois 4%         N/A       38%         3
 Inner Flame              Hex/Fire       4%         N/A       38%         3
 Summon Guardian Golem    Hex/Summ       4%         N/A       38%         3
 Sticky Flame             Conj/Fire      14%        2d4       38%         4
 Cause Fear               Hex            2%         N/A       80%         4
 Orb of Destruction       Conj           12%        9d6       100%        7
 Spellforged Servitor     Conj/Summ      7%         N/A       100%        7
 Discord                  Hex            2%         N/A       100%        8


Dungeon Overview and Level Annotations

Branches:
Dungeon (5/15)            Ossuary (visited)
 Temple: D:4-7

Altars:
Wu Jian
Yredelemnul

Shops:
D:1 (

Annotations:
D:2 Sigmund, Terence
D:3 2 transporters, vykuza's ghost, amateur MiFi
D:4 Ijyb


Innate Abilities, Weirdness & Mutations

You thrive by killing the living.
You are immune to poison.
You have sharp fingernails.
Your flesh is cold resistant. (rC+)
You are immune to negative energy. (rN+++)
You do not regenerate when monsters are visible.
You are immune to unholy pain and torment.


Message History

The sky beast is almost dead.
The sky beast hits you.
* * * LOW HITPOINT WARNING * * *
The sky beast shocks you.
* * * LOW HITPOINT WARNING * * *
Unknown command.
Unknown command.
The sky beast flickers out of sight!
Deactivating autopickup; reactivate with Ctrl-A.
A sky beast appears from thin air!
Reactivating autopickup.
The sky beast flickers out of sight!
Deactivating autopickup; reactivate with Ctrl-A.
Casting: Searing Ray (safe; 2% risk of failure)
Confirm with . or Enter, or press ? or * to list all spells.
Okay, then.
Unknown command.
Casting: Searing Ray (safe; 2% risk of failure)
Confirm with . or Enter, or press ? or * to list all spells.
Aiming: Searing Ray (safe; 2% risk of failure)
Press: ? - help, Shift-Dir - straight line The searing ray hits something.
You feel better.
Reactivating autopickup.
You feel a bit more experienced. (Press . to maintain the ray.) Unknown command.
Things that are here:
a +0 mace; a +0 robe
There is a stone staircase leading up here.
You start resting.
Magic restored.
You start resting.
HP restored.
As you read the scroll of identify, it crumbles to dust.
u - a potion of ambrosia
As you read the scroll of identify, it crumbles to dust.
v - a potion of berserk rage
As you read the scroll of identify, it crumbles to dust.
w - a potion of degeneration Are you sure you want to abandon this character and quit the game? (Confirm with "yes".)

..#...#######....###.### #.# .
.8#._.#................# ##.###..
..#...#................# #.......
#######................###.#.##..
.# .# #######....###....##.#.#
###.#### #............#.#.#
#......# #...###........#.#
#.#.##.# ###...##...........#
#.#.##.# #.....@##........###
....##.####.#....).......#.#
....##.#.......)..###...##.......
#.####.#.##..#.......#..#####.##.
#......#.##..###.........# #
##.##..............#.##..#
#....#..#......[........#
#'''##..#....###.##.###.#
#...##.............. #.#


There were no monsters in sight!

Vanquished Creatures
  A sky beast (D:5)
  Blork the orc (D:5)
  A centaur zombie (D:5)
  A bullfrog zombie (D:5)
  A centaur skeleton (D:4)
  2 hounds (D:5)
  2 iguanas
  A hound zombie (D:5)
  A hound skeleton (D:4)
  8 mummies (Ossuary)
  A howler monkey skeleton (D:3)
  An adder (D:4)
  An ufetubus (D:5)
  A worm (D:2)
  A dart slug (D:5)
  An orc (D:2)
  4 ball pythons
  7 endoplasms
  3 giant cockroaches
  2 gnoll zombies (Ossuary)
  6 goblins
  4 hobgoblins
  3 jackals (D:4)
  6 kobolds
  2 quokkas
  3 bats (D:1)
  2 frilled lizards (D:1)
  2 hobgoblin zombies (Ossuary)
  A kobold zombie (Ossuary)
  3 orc zombies (Ossuary)
  A quokka skeleton (D:4)
  5 rats (D:1)
79 creatures vanquished.

Notes
Turn   | Place    | Note
-------+----------+-------------------------------------------
     0 | D:1      | Meow the Ghoul Conjurer began the quest for the Orb.
     0 | D:1      | Reached XP level 1. HP: 14/14 MP: 2/2
   217 | D:1      | Reached XP level 2. HP: 20/20 MP: 2/4
   243 | D:1      | Learned a level 2 spell: Searing Ray
   413 | D:1      | Found Abbess's Antique Weapon Boutique.
  1069 | D:1      | Reached XP level 3. HP: 26/26 MP: 2/5
  1829 | D:2      | Noticed Sigmund
  1830 | D:2      | Noticed Terence
  2301 | D:3      | Noticed a sky beast
  2303 | D:3      | Noticed vykuza's ghost (amateur MiFi)
  2304 | D:3      | Found a transporter.
  2307 | D:3      | Found a transporter.
  2746 | D:4      | Reached skill level 4 in Conjurations
  2746 | D:4      | Reached XP level 4. HP: 33/33 MP: 2/7
  2798 | D:4      | Learned a level 4 spell: Fulminant Prism
  2961 | D:4      | Reached XP level 5. HP: 36/38 MP: 2/8
  3130 | D:4      | Found a basalt altar of Yredelemnul.
  3270 | D:4      | Noticed Ijyb
  3307 | D:5      | Entered Level 5 of the Dungeon
  3368 | D:5      | Found an ornate altar of the Wu Jian Council.
  3455 | D:5      | Found a sand-covered staircase.
  3463 | Ossuary  | Entered an ossuary
  3621 | Ossuary  | Reached XP level 6. HP: 45/45 MP: 5/10
  3956 | Ossuary  | Learned a level 4 spell: Iskenderun's Mystic Blast
  4010 | Ossuary  | Reached skill level 5 in Conjurations
  4302 | D:5      | Noticed Blork the orc
  4322 | D:5      | Killed Blork the orc
  4408 | D:5      | Reached XP level 7. HP: 50/50 MP: 4/12
  4892 | D:5      | Quit the game

Illustrated notes

Levels and vault maps discovered:
D:1:      dpeg_arrival_water_temple_mockup, layout_basic, serial_shops,
          nicolae_shop_stone
D:2:      layout_rooms, uniq_terence, uniq_sigmund
D:3:      layout_loops_ring, gammafunk_ghost_arena
D:4:      kennysheep_the_goblin_king, layout_basic,
          mainiacjoe_overflow_small_starburst, minmay_temple_entry_glassed_door,
          feat_on_display
D:5:      layout_loops_cross, nicolae_wu_jian_immortal_techniques,
          nicolae_ossuary_entry_ruins, grunt_ministairs_6,
          kennysheep_windowed_goal, uniq_eustachio, uniq_blork_the_orc

Skill      XL: |  1  2  3  4  5  6 |
---------------+-------------------+-----
Spellcasting   | 2 3 4 |  4.8
Conjurations   | 4 5 |  5.6
Dodging        | |  1.7
Stealth        | |  2.1

Action                   |  1- 3 |  4- 6 |  7- 9 || total
-------------------------+-------+-------+-------++-------
Melee: Unarmed           |    33 |    38 |       ||    71
Throw: Javelin           |       |     2 |       ||     2
 Cast: Magic Dart        |    17 |       |       ||    17
       Searing Ray       |    29 |    29 |     7 ||    65
  Use: Scroll            |     3 |       |     3 ||     6
       Potion            |       |       |     1 ||     1
Armor: Robe              |     6 |    14 |     4 ||    24
Dodge: Dodged            |    18 |    22 |     3 ||    43

Table legend: (Time is in decaauts)
 A = Elapsed time spent in this place.
 B = Non-inter-level travel time spent in this place.
 C = Inter-level travel time spent in this place.
 D = Time resting spent in this place.
 E = Time spent auto-exploring this place.
 F = Levels seen in this place.
 G = Mean time per level.
                   A        B        C        D        E       F      G
               +--------+--------+--------+--------+--------+-----+--------+
         Total |   4895 |   4757 |    138 |   2264 |   1424 |   6 |  815.8 |
       Dungeon |   4120 |   3982 |    138 |   1869 |   1285 |   5 |  824.0 |
       Ossuary |    774 |    774 |      0 |    395 |    139 |   1 |  774.0 |
               +--------+--------+--------+--------+--------+-----+--------+

Top non-repeatable levels by time:
     D:1: 1392 daAuts
     D:5: 810 daAuts
 Ossuary: 774 daAuts
     D:3: 751 daAuts
     D:4: 618 daAuts
     D:2: 548 daAuts
